 Dungeon Crawl Stone Soup version 0.31-a0-1008-g5b978dac0e (webtiles) character file.

Game seed: 9144418405929955394

38 night the Vexing (level 3, 0/29 HPs)
             Began as a Draconian Hexslinger on Nov 12, 2023.
             Slain by an orc
             ... wielding a +0 mace
              (3 damage)
             ... on level 2 of the Dungeon.
             The game lasted 00:02:06 (1349 turns).

night the Vexing (Draconian Hexslinger)             Turns: 1349, Time: 00:02:07

Health: 0/29       AC:  5    Str: 10    XL:     3   Next: 25%
Magic:  5/5        EV: 12    Int: 13    God:
Gold:   130        SH:  0    Dex: 15    Spells: 5/5 levels left

rFire   . . .        a - +1 sling
rCold   . . .        (no shield)
rNeg    . . .        (body armour unavailable)
rPois   .            (helmet restricted)
rElec   .            (no cloak)
rCorr   .            (no gloves)
SInv    .            (no boots)
Will    .....        (no amulet)
Stlth   +            (no ring)
HPRegen 0.24/turn    (no ring)
MPRegen 0.09/turn

%: no passive effects
@: no status effects
A: AC +5, unfitting armour, cold-blooded
a: no special abilities


You were on level 2 of the Dungeon.
You visited 1 branch of the dungeon, and saw 3 of its levels.

You collected 130 gold pieces.

Inventory:

Hand Weapons
 a - a +1 sling (weapon)
Missiles
 d - 15 stones
Jewellery
 k - a ring of see invisible
 p - an amulet of the acrobat
Wands
 i - a wand of charming (10)
Scrolls
 b - a scroll of poison
 j - 2 scrolls of identify {unknown}
 l - a scroll of teleportation {unknown}
 m - a scroll of brand weapon {unknown}
Potions
 c - a potion of lignification {unknown}
 e - a potion of heal wounds {unknown}
 f - 2 potions of magic {unknown}
 g - a potion of experience {unknown}
 h - a potion of enlightenment {unknown}
 n - 2 potions of curing {unknown}
 o - a potion of degeneration {unknown}


   Skills:
 + Level 1.8 Fighting
 * Level 2.5 Ranged Weapons
 - Level 1.7 Dodging
 + Level 1.5 Spellcasting
 + Level 3.0 Hexes
 - Level 1.0 Fire Magic


You had 5 spell levels left.
You didn't know any spells.
Your spell library contained the following spells:

 Spells                   Type           Power      Damage    Failure   Level
 Jinxbite                 Hex            16%        N/A       12%         2
 Foxfire                  Conj/Fire      8%         2x1d4     22%         1
 Sigil of Binding         Hex            8%         N/A       24%         3
 Inner Flame              Hex/Fire       6%         N/A       34%         3
 Cause Fear               Hex            4%         N/A       61%         4
 Dimensional Bullseye     Hex/Tloc       2%         N/A       82%         4
 Plasma Beam              Fire/Air       1%         2x1d11    100%        6
 Starburst                Conj/Fire      1%         6d3       100%        6


Dungeon Overview and Level Annotations

Branches:
Dungeon (3/15)

Altars:


Innate Abilities, Weirdness & Mutations

Your plain brown scales are hard. (AC +5)
You cannot fit into any form of body armour.
You are cold-blooded and may be slowed by cold attacks.


Message History

The orc is heavily wounded.
The ball python hisses angrily.
You shoot a sling bullet. The sling bullet hits the orc!
You kill the orc!
You shoot a sling bullet.
The sling bullet closely misses the ball python.
You shoot a sling bullet. The sling bullet hits the ball python.
You kill the ball python!
You shoot a sling bullet. The sling bullet barely misses the orc.
You shoot a sling bullet. The sling bullet hits the orc.
The orc is moderately wounded.
An orc comes into view. It is wielding a +0 club.
You shoot a sling bullet. The sling bullet hits the orc.
The orc is heavily wounded.
You shoot a sling bullet. The sling bullet hits the orc.
The orc is heavily wounded.
An orc comes into view. It is wielding a +0 short sword.
The orc throws a boomerang.
The boomerang hits you. The orc misses you. The orc closely misses you.
HP restored.
The orc hits you with a +0 club. The orc hits you with a +0 mace.
You climb upwards.
There is a stone staircase leading down here.
You shoot a sling bullet.
The sling bullet closely misses the orc.
The orc hits you with a +0 club. The orc hits you with a +0 mace.
You shoot a sling bullet. The sling bullet hits the orc.
The orc is almost dead.
The orc barely misses you. The orc hits you with a +0 mace.
* * * LOW HITPOINT WARNING * * *
You are too injured to fight recklessly!
You shoot a sling bullet. The sling bullet barely misses the orc.
The orc hits you but does no damage. x2; The orc hits you with a +0 club.
* * * LOW HITPOINT WARNING * * *
The orc barely misses you.
You shoot a sling bullet.
The sling bullet closely misses the orc.
The orc hits you with a +0 club.
* * * LOW HITPOINT WARNING * * *
The orc hits you with a +0 mace.
You die...

..####.........####...#.#########
.....'.........'.................
..####.........####...#.#########
.## ##.......######.##.# # ##
##.....###........# ## # ##...##
#.#####..# ##. # ##'## #.# #..##
##.# ## #.# #o#####.#.## ##.##
.## #.# #@##...###.# #.## ..#
##.## #o##.##.#.## ##.## ..#
##...## #.##.##..## ##.# ..#
#.....###.......## ##)
.########.....#####.#### #.
....................# #.
###########...####### ## #####


You could see 2 orcs.

Vanquished Creatures
  A dart slug (D:1)
  An orc (D:3)
  A ball python (D:3)
  5 bats
  An endoplasm (D:1)
  A giant cockroach (D:2)
  3 goblins
  6 hobgoblins
  3 jackals (D:1)
  3 quokkas
  A frilled lizard (D:2)
  A kobold (D:1)
  3 rats
30 creatures vanquished.

Notes
Turn   | Place    | Note
-------+----------+-------------------------------------------
     0 | D:1      | night the Draconian Hexslinger began the quest for the Orb.
     0 | D:1      | Reached XP level 1. HP: 16/16 MP: 2/2
    66 | D:1      | Reached skill level 2 in Ranged Weapons
    98 | D:1      | Reached XP level 2. HP: 23/23 MP: 3/3
   720 | D:2      | Reached XP level 3. HP: 25/29 MP: 5/5
  1184 | D:2      | Reached skill level 3 in Hexes
  1349 | D:2      | HP: 3/29 [orc/+0 club (2)]
  1349 | D:2      | Slain by an orc

Illustrated notes

Levels and vault maps discovered:
D:1:      mrwooster_arrival_statue_3, layout_rooms
D:2:      layout_loops_corners, dk_vineyard_3, chequers_serial_rivers_room_a
D:3:      layout_loops_ring, serial_shops, nicolae_shop_peninsula

Skill      XL: |  1  2  3 |
---------------+----------+-----
Ranged Weapons | 2 |  2.5
Hexes          | 3 |  3.0
Fighting       | |  1.8
Dodging        | |  1.7
Spellcasting   | |  1.5
Fire Magic     | |  1.0

Action                     || total
---------------------------++-------
   Fire: Sling             ||   128
 Armour: Skin              ||    36
  Dodge: Dodged            ||    41

Table legend: (Time is in decaauts)
 A = Elapsed time spent in this place.
 B = Non-inter-level travel time spent in this place.
 C = Inter-level travel time spent in this place.
 D = Time resting spent in this place.
 E = Time spent auto-exploring this place.
 F = Levels seen in this place.
 G = Mean time per level.
                   A        B        C        D        E       F      G
               +--------+--------+--------+--------+--------+-----+--------+
         Total |   1386 |   1335 |     51 |      0 |   1108 |   3 |  462.0 |
       Dungeon |   1386 |   1335 |     51 |      0 |   1108 |   3 |  462.0 |
               +--------+--------+--------+--------+--------+-----+--------+

Top non-repeatable levels by time:
     D:2: 899 daAuts
     D:1: 422 daAuts
     D:3: 64 daAuts
